 Dungeon Crawl Stone Soup version 0.28.0 (webtiles) character file.

Game seed: 9911733188699315444

151 crazypyro the Covered (level 5, 0/47 HPs)
             Began as a Minotaur Fighter on Feb 10, 2022.
             Slain by Sigmund (3 damage)
             ... on level 3 of the Dungeon.
             The game lasted 00:01:46 (2155 turns).

crazypyro the Covered (Minotaur Fighter)            Turns: 2155, Time: 00:01:46

Health: 0/47       AC:  7    Str: 22    XL:     5   Next: 10%
Magic:  0/4        EV:  9    Int: 11    God:
Gold:   56         SH:  0    Dex: 10    Spells: 4/4 levels left

rFire   . . .      SeeInvis .   a - +0 war axe
rCold   . . .      Faith    .   c - +0 buckler
rNeg    . . .      Spirit   .   b - +0 scale mail
rPois   .          Reflect  .   (helmet restricted)
rElec   .          Harm     .   (no cloak)
rCorr   .          Rampage  .   (no gloves)
Will    .....                   (no boots)
Stlth   ..........              (no amulet)
HPRegen 0.15/turn               e - +6 ring of intelligence
MPRegen 0.09/turn               (no ring)

@: confused, mighty
A: horns 2, retaliatory headbutt
a: no special abilities


You were on level 3 of the Dungeon.
You visited 1 branch of the dungeon, and saw 3 of its levels.

You collected 56 gold pieces.

Inventory:

Hand Weapons
 a - a +0 war axe (weapon)
 l - a +0 war axe
Armour
 b - a +0 scale mail (worn)
 c - a +0 buckler (worn)
Jewellery
 e - a +6 ring of intelligence (left hand)
Wands
 h - a wand of mindburst (15)
Scrolls
 g - a scroll of enchant weapon {unknown}
 i - a scroll of immolation {unknown}
 j - a scroll of vulnerability {unknown}
Potions
 f - a potion of ambrosia {unknown}
 k - a potion of lignification {unknown}


   Skills:
 + Level 4.5 Fighting
 * Level 4.3 Axes
 + Level 4.5 Armour
 + Level 4.5 Shields


You had 4 spell levels left.
You didn't know any spells.
Your spell library was empty.

Dungeon Overview and Level Annotations

Branches:
Dungeon (3/15)

Altars:

Annotations:
D:3 Sigmund


Innate Abilities, Weirdness & Mutations

You have a pair of horns on your head.
You reflexively headbutt those who attack you in melee.


Message History

Sigmund hits you with a +1 antimagic scythe.
You closely miss Sigmund.
Sigmund hits you with a +1 antimagic scythe.
You closely miss Sigmund. Sigmund closely misses you. You furiously retaliate!
You headbutt Sigmund. You hit Sigmund. Your headbutt misses Sigmund.
Sigmund is lightly wounded.
You barely miss Sigmund.
Sigmund is lightly wounded.
Sigmund hits you with a +1 antimagic scythe!
You feel your power leaking away.
You hit Sigmund.
Sigmund is moderately wounded.
Sigmund points at you and mumbles some strange words.
The puff of flame hits you!
Sigmund hits you with a +1 antimagic scythe!
You feel your power leaking away.
You feel very mighty all of a sudden.
You slash Sigmund! You headbutt Sigmund.
Sigmund is almost dead.
Sigmund casts a spell at you. The puff of flame hits you!
* * * LOW HITPOINT WARNING * * *
Sigmund points at you and mumbles some strange words.
You are confused.
You closely miss Sigmund. Your headbutt misses Sigmund.
Sigmund is almost dead.
Sigmund gestures wildly while chanting.
Sigmund flickers and vanishes!
Deactivating autopickup; reactivate with Ctrl-A.
You completely miss something. Your headbutt misses something.
Something hits you.
* * * LOW HITPOINT WARNING * * *
You miss something.
You hear some strange, mumbled words.
A puff of flame appears from out of thin air!
The puff of flame hits you.
* * * LOW HITPOINT WARNING * * *
You closely miss something. Your headbutt misses something. Something hits you.
You die...

#.##
#.#....####.)..))..<#.#
#..#
#.#.........#########.##
##.##
#.#..........##........#
....#
##########...##.#####..#
###.# #...##........#
....# ##...##........#
###.# #....##.#####..#
#<..# #..#.##.# #....#
....# #.@#.##.###.##.#
#..## ##{#........##.#
...# #.####.######.#
#### #.. #........# ###
##########


There were no monsters in sight!

Vanquished Creatures
  An orc wizard (D:3)
  4 gnolls
  3 adders
  2 worms
  2 dart slugs
  4 orcs (D:3)
  7 ball pythons
  An endoplasm (D:2)
  A hobgoblin (D:2)
  5 quokkas
  5 bats
  6 frilled lizards
  4 goblins (D:1)
  2 kobolds
  5 rats
52 creatures vanquished.

Notes
Turn   | Place    | Note
-------+----------+-------------------------------------------
     0 | D:1      | crazypyro the Minotaur Fighter began the quest for the Orb.
     0 | D:1      | Reached XP level 1. HP: 19/19 MP: 0/0
   236 | D:1      | Reached XP level 2. HP: 27/27 MP: 1/1
   977 | D:2      | Reached XP level 3. HP: 28/33 MP: 2/2
  1444 | D:2      | Found a faded altar of an unknown god.
  1527 | D:2      | Reached XP level 4. HP: 40/40 MP: 3/3
  1964 | D:3      | Reached XP level 5. HP: 33/47 MP: 4/4
  2142 | D:3      | Noticed Sigmund
  2155 | D:3      | Slain by Sigmund

Illustrated notes

Levels and vault maps discovered:
D:1:      minmay_arrival_checkered_box, layout_loops_corners
D:2:      layout_basic, serial_forest, infiniplex_forest_zigzag_1,
          infiniplex_forest_straight_3, infiniplex_forest_diagonal,
          infiniplex_forest_corner_2, infiniplex_forest_lined_corner,
          infiniplex_forest_straight_2,
          hellmonk_ecumenical_altar_pennies_from_heaven, minmay_strange_pillars,
          grunt_ministairs_4, chequers_serial_rivers_micro_e
D:3:      layout_basic, lemuel_another_geyser, uniq_sigmund, uniq_natasha

Skill      XL: |  1  2  3  4 |
---------------+-------------+-----
Fighting       | 4 |  4.5
Axes           | 3 4 |  4.3
Armour         | 4 |  4.5
Shields        | 4 |  4.5

Action                   |  1- 3 |  4- 6 || total
-------------------------+-------+-------++-------
Melee: War axe           |    70 |    65 ||   135
       Headbutt          |     9 |    12 ||    21
  Use: Potion            |       |     1 ||     1
Armor: Scale mail        |    40 |    27 ||    67
Dodge: Dodged            |    25 |    22 ||    47
Block: Buckler           |    16 |     8 ||    24
